 Dungeon Crawl Stone Soup version 0.29.0-5-ge4962eb29e (webtiles) character file.

Game seed: 11920728378282164037

87 sanka the Insei (level 5, -2/45 HPs)
             Began as a Meteoran Delver on Aug 28, 2022.
             Slain by a gnoll
             ... wielding a +0 club
             ... led by a gnoll bouda
              (6 damage)
             ... on level 5 of the Dungeon.
             The game lasted 00:01:10 (498 turns).

sanka the Insei (Meteoran Delver)                    Turns: 498, Time: 00:01:11

Health: -2/45      AC:  5    Str: 13    XL:     5   Next: 8%
Magic:  6/6        EV: 11    Int: 13    God:
Gold:   42         SH:  0    Dex: 16    Spells: 4/4 levels left

rFire   . . .      SeeInvis .   g - +2 flail (vorpal)
rCold   . . .      Faith    .   (no shield)
rNeg    . . .      Spirit   .   h - +0 ring mail
rPois   .          Reflect  .   (no helmet)
rElec   .          Harm     .   (no cloak)
rCorr   .          Rampage  .   (no gloves)
Will    .....                   (no boots)
Stlth   +.........              (no amulet)
HPRegen 0.15/turn               (no ring)
MPRegen 0.10/turn               (no ring)

@: glowing
A: sense surroundings 1, otherworldly, glowing, explore regen
a: no special abilities


You were on level 5 of the Dungeon.
You visited 1 branch of the dungeon, and saw 1 of its levels.

You collected 42 gold pieces.


Innate Abilities, Weirdness & Mutations

You passively map a small area around you.
You are easily found by Zot.
You glow in the dark.
You regain HP and MP as you explore.


   Skills:
 - Level 3.2 Fighting
 - Level 2.4 Dodging
 - Level 3.7 Stealth
 + Level 5.6 Unarmed Combat


You had 4 spell levels left.
You didn't know any spells.
Your spell library was empty.

Inventory:

Hand Weapons
 g - a +2 vorpal flail (weapon)
Armour
 a - a +0 leather armour
 h - a +0 ring mail (worn)
Wands
 f - a wand of digging (3)
Scrolls
 b - a scroll of fog
 c - a scroll of magic mapping
 d - a scroll of enchant weapon {unknown}

Dungeon Overview and Level Annotations

Branches:
Dungeon (5/15) Zot: 112
 Temple: D:4-7

Altars:

▒▒▒ ▒.▒▒▒▒▒▒ ▒.▒▒...▒▒
▒▒▒.......▒▒▒
▒▒...........▒
▒▒▒............▒▒
▒▒▒..........g.p..▒
▒.............gg..▒
▒.................▒░
▒▒..................▒
....................▒
▒....................
░
▒...▒▒▒...........▒▒[.
▒...▒ ▒▒▒▒.▒▒▒▒▒▒▒▒
▒▒. ▒...▒ ..▒


You could see 3 gnolls.


Message History

The gnoll hits you with a +0 whip.
* * * LOW HITPOINT WARNING * * *
The gnoll closely misses you. The gnoll hits you but does no damage.
The gnoll hits you with a +0 whip.
* * * LOW HITPOINT WARNING * * *
You completely miss the gnoll. The gnoll closely misses you.
The gnoll hits you with a +0 club.
* * * LOW HITPOINT WARNING * * *
The gnoll completely misses you. The gnoll closely misses you.
The gnoll hits you with a +0 club.
* * * LOW HITPOINT WARNING * * *
You hit the gnoll.
The gnoll is moderately wounded.
The gnoll is no longer moving quickly.
The gnoll is no longer moving quickly.
The gnoll hits you with a +0 whip.
* * * LOW HITPOINT WARNING * * *
The gnoll closely misses you. The gnoll barely misses you.
You hit the gnoll.
The gnoll is severely wounded.
The gnoll hits you with a +0 whip.
* * * LOW HITPOINT WARNING * * *
The gnoll hits you from afar with a +0 spear.
* * * LOW HITPOINT WARNING * * *
The gnoll hits you with a +0 club.
You die...

Action                   |  1- 3 |  4- 6 || total
-------------------------+-------+-------++-------
Melee: Flail             |     8 |    12 ||    20
       Unarmed           |     2 |       ||     2
       Punch             |       |     1 ||     1
  Use: Potion            |     1 |       ||     1
       Scroll            |       |     1 ||     1
Armor: Ring mail         |     1 |     2 ||     3
Dodge: Dodged            |     4 |    14 ||    18

Levels and vault maps discovered:
D:5:      layout_cave_pods, uniq_pikel

Notes
Turn   | Place    | Note
-------+----------+-------------------------------------------
     0 | D:5      | sanka the Meteoran Delver began the quest for the Orb.
     0 | D:5      | Reached XP level 1. HP: 19/19 MP: 2/2
   241 | D:5      | Reached skill level 3 in Unarmed Combat
   241 | D:5      | Reached XP level 2. HP: 18/26 MP: 3/3
   429 | D:5      | Noticed a scorpion
   438 | D:5      | Killed a scorpion
   439 | D:5      | Reached skill level 5 in Unarmed Combat
   439 | D:5      | Reached XP level 3. HP: 31/31 MP: 4/4
   439 | D:5      | Reached XP level 4. HP: 38/38 MP: 5/5
   453 | D:5      | Reached XP level 5. HP: 31/45 MP: 6/6
   455 | D:5      | Noticed a lemure
   498 | D:5      | HP: 4/45 [gnoll/+0 spear[a gnoll bouda] (1)]
   498 | D:5      | Slain by a gnoll

Vanquished Creatures
  A scorpion (D:5)
  An iguana (D:5)
  4 orcs (D:5)
6 creatures vanquished.
